 Dungeon Crawl Stone Soup version 0.28-b1-78-gc65acfa365 (webtiles) character file.

Game seed: 8502960388427267800

38947 ikuliku the Severer (level 13, -6/192 HPs)
             Began as a Minotaur Berserker on Feb 4, 2022.
             Was an Elder of Trog.
             Mangled by a six-headed hydra (9 damage)
             ... on level 5 of the Lair of Beasts.
             The game lasted 01:09:40 (25391 turns).

ikuliku the Severer (Minotaur Berserker)           Turns: 25391, Time: 01:09:41

Health: -6/192     AC: 20    Str: 27    XL:     13   Next: 66%
Magic:  0/12       EV: 12    Int:  4    God:    Trog [****..]
Gold:   862        SH:  4    Dex: 10    Spells: 12/12 levels left

rFire   . . .      SeeInvis .   Y - +4 war axe
rCold   . . .      Faith    .   k - +0 buckler
rNeg    . . .      Spirit   +   N - +0 steam dragon scales
rPois   .          Reflect  .   (helmet restricted)
rElec   .          Harm     .   F - +1 cloak
rCorr   +          Rampage  .   z - +0 pair of gloves
Will    .....                   H - +2 pair of boots
Stlth   ..........              a - amulet of guardian spirit
HPRegen 0.42/turn               i - ring of resist corrosion
MPRegen 0.13/turn               O - +4 ring of protection

@: berserking, hasted, very quick
A: horns 2, retaliatory headbutt
a: Renounce Religion, Berserk, Trog's Hand, Brothers in Arms


You were on level 5 of the Lair of Beasts.
You worshipped Trog.
Trog was greatly pleased with you.
You visited 3 branches of the dungeon, and saw 19 of its levels.

You collected 862 gold pieces.

Inventory:

Hand Weapons
 h - a +4 battleaxe
 G - a +2 flail of protection
 Y - a +4 war axe (weapon)
Armour
 k - a +0 buckler (worn)
 z - a +0 pair of gloves (worn)
 C - a +0 tower shield
 F - a +1 cloak (worn)
 H - a +2 pair of boots (worn)
 I - a scarf of invisibility
 L - a +0 chain mail
 M - a +0 plate armour
 N - +0 steam dragon scales (worn)
Jewellery
 a - an amulet of guardian spirit (around neck)
 c - a ring of fire
 i - a ring of resist corrosion (left hand)
 E - a ring of positive energy
 O - a +4 ring of protection (right hand)
 Z - a ring of protection from fire
Scrolls
 b - a scroll of fear
 d - 2 scrolls of immolation
 f - 3 scrolls of blinking
 g - 4 scrolls of fog
 l - a scroll of acquirement {unknown}
 o - a scroll of enchant weapon
 q - 6 scrolls of magic mapping
 r - 3 scrolls of enchant armour
 t - 8 scrolls of teleportation
 v - a scroll of brand weapon {unknown}
 w - 5 scrolls of vulnerability
 A - a scroll of holy word {unknown}
 T - a scroll of silence {unknown}
 U - a scroll of summoning {unknown}
Potions
 e - a potion of magic {unknown}
 j - 3 potions of mutation
 m - 2 potions of haste
 n - 2 potions of heal wounds
 p - 2 potions of berserk rage
 s - 6 potions of curing
 u - a potion of cancellation {unknown}
 x - 4 potions of attraction
 B - 4 potions of invisibility
 D - 2 potions of flight
 Q - a potion of resistance {unknown}
Miscellaneous
 X - a piece from Xom's chessboard (15/15)


   Skills:
 + Level 15.7 Fighting
 - Level 4.9 Short Blades
 - Level 15.9(16.0) Axes
 - Level 3.0(10.8) Maces & Flails
 + Level 15.6 Armour
 + Level 4.9 Dodging
 - Level 4.5 Shields


You had 12 spell levels left.
You didn't know any spells.
Your spell library was empty.

Dungeon Overview and Level Annotations

Branches:
Dungeon (12/15)            Temple (0/1) D:5            Lair (6/6) D:8
  Swamp (1/4) Lair:2        Snake (0/4) Lair:3        Slime (0/5) Lair:5
    Orc (0/2) D:9

Altars:
Ashenzari
Dithmenos
Fedhas
Gozag
Makhleb
Nemelex Xobeh
Okawaru
Qazlal
Ru
Sif Muna
Vehumet
Xom
The Shining One

Portals:
Trove: D:11 (give +2 ice dragon scales)

Annotations:
Lair:1 1 runed translucent door, Wuochyse's ghost, journeyman DEWz
Lair:2 3 runed translucent doors, nogo's ghost, journeyman OgFi
Lair:5 exclusion: oklob plant


Innate Abilities, Weirdness & Mutations

You have a pair of horns on your head.
You reflexively headbutt those who attack you in melee.


Message History

The four-headed hydra bites you but does no damage.
The four-headed hydra misses you. x2
The four-headed hydra barely misses you.
The komodo dragon bites you but does no damage.
The dream sheep bleats!
There is a stone staircase leading up here.
The dream sheep bites you!
* * * LOW HITPOINT WARNING * * *
The four-headed hydra bites you.
* * * LOW HITPOINT WARNING * * *
The four-headed hydra closely misses you. x2
The four-headed hydra bites you but does no damage.
The black mamba barely misses you. You furiously retaliate!
You headbutt the black mamba!
You climb upwards.
Level annotation: exclusion: oklob plant You feel yourself speed up.
There is a stone staircase leading down here.
A red film seems to cover your vision as you go berserk!
You feel yourself moving faster!
You feel mighty!
The dream sheep bites you but does no damage.
The four-headed hydra bites you but does no damage.
The four-headed hydra closely misses you.
The four-headed hydra bites you but does no damage. x2
You closely miss the dream sheep.
The dream sheep is moderately wounded.
You lop one of the four-headed hydra's heads off!
The three-headed hydra grows two more!
You slash the five-headed hydra! You slash the plant!
The plant begins to die.
You barely miss the dream sheep.
The dream sheep is moderately wounded.
You slice the plant!!
You lop one of the five-headed hydra's heads off!
The four-headed hydra grows two more!
You slice the six-headed hydra!! The dream sheep barely misses you.
The six-headed hydra bites you.
* * * LOW HITPOINT WARNING * * *
The six-headed hydra bites you!
* * * LOW HITPOINT WARNING * * *
The six-headed hydra bites you!
You die...

#.......# ###.......##
##.#.....#..## #.......##P..##
###....######..## #P.....# ##..#
#....#.# ##.##### ##.....##
##....# #...Y@.)# ##.#.#
♣###...D.P.# ##.##
♣♣♣♣♣♣≈#≈......## ##..
♣♣≈≈≈P≈≈≈≈≈≈....# ##.
♣P≈≈≈≈≈≈≈≈≈P....####### ##.
♣♣≈≈≈≈P≈≈≈≈≈......#....#######.#
♣♣≈≈≈≈≈≈≈≈≈≈≈≈......>.[...#..#.##
♣≈≈≈≈≈≈≈≈≈≈≈≈....................
♣P≈≈≈≈≈≈≈≈≈P....}................


You could see a six-headed hydra and a dream sheep.

Vanquished Creatures
  The ghost of Fuxod the Fighter, a journeyman GnWn of Xom (Lair:3)
  Josephine (D:10)
  2 boulder beetles
  2 hydras
  Erica (D:10)
  A goliath frog (Swamp:1)
  A bog body (Swamp:1)
  A manticore (D:11)
  A cyclops (D:10)
  3 centaur zombies
  Joseph (D:10)
  5 elephants (Lair:5)
  3 cane toads
  7 black mambas
  Maggie (D:9)
  3 kobold demonologists (D:11)
  9 komodo dragons
  Psyche (D:10)
  3 tengu conjurers (D:9)
  6 rime drakes
  2 trolls
  3 polar bears
  2 tyrant leeches (Lair:2)
  4 blink frogs (Lair:1)
  2 hornets (D:9)
  Prince Ribbit (Lair:1)
  2 shadows
  6 wraiths
  4 wyverns
  40 yaks
  A vampire (D:10)
  A basilisk (Lair:3)
  Grum (Lair:1)
  2 steam dragons (D:8)
  4 wargs (D:11)
  A vampire mosquito (D:8)
  A two-headed ogre zombie (D:9)
  15 water moccasins
  7 orc warriors
  5 black bears
  An ice beast (D:7)
  A sky beast (D:8)
  3 necrophages
  3 ogres
  20 wolves
  5 centaurs
  4 phantoms
  A kobold brigand (D:11)
  17 bullfrogs
  A wyvern zombie (D:7)
  3 gnoll sergeants
  2 troll zombies (D:9)
  9 killer bees
  5 wights (D:6)
  9 howler monkeys
  A gnoll shaman (D:7)
  2 bullfrog zombies (D:3)
  6 orc priests
  2 jellies
  5 iguanas (Lair:3)
  17 orc wizards
  5 ogre zombies (D:9)
  A hound skeleton (D:4)
  A howler monkey zombie (D:10)
  19 gnolls
  3 adders
  2 white imps
  An adder zombie (D:3)
  4 worms
  A dart slug (D:2)
  24 orcs
  10 ball pythons
  7 bats
  7 endoplasms
  12 giant cockroaches
  14 goblins
  9 hobgoblins
  A jackal (D:3)
  5 quokkas
  A frilled lizard (D:2)
  A goblin skeleton (D:9)
  A goblin zombie (D:9)
  4 hobgoblin zombies (D:9)
  A jackal skeleton (D:4)
  8 kobolds
  19 orc zombies (D:9)
  5 rats
440 creatures vanquished.

Vanquished Creatures (collateral kills)
  2 kobold demonologists (D:11)
  A kobold (D:11)
3 creatures vanquished.

Vanquished Creatures (others)
  10 fungi
  36 plants
46 creatures vanquished.

Grand Total: 489 creatures vanquished

Notes
Turn   | Place    | Note
-------+----------+-------------------------------------------
     0 | D:1      | ikuliku the Minotaur Berserker began the quest for the Orb.
     0 | D:1      | Reached XP level 1. HP: 19/19 MP: 0/0
   350 | D:1      | Found a faded altar of an unknown god.
   518 | D:1      | Reached XP level 2. HP: 27/27 MP: 1/1
  1806 | D:2      | Reached XP level 3. HP: 34/34 MP: 2/2
  2451 | D:2      | Reached skill level 5 in Axes
  2495 | D:2      | Reached ** piety under Trog
  2496 | D:2      | Reached XP level 4. HP: 36/41 MP: 3/3
  2865 | D:3      | Reached skill level 5 in Fighting
  2989 | D:3      | Reached XP level 5. HP: 26/48 MP: 4/4
  3293 | D:3      | Noticed a centaur
  3305 | D:3      | Killed a centaur
  3543 | D:3      | Noticed an ogre
  3550 | D:3      | Killed an ogre
  3551 | D:3      | Reached XP level 6. HP: 39/57 MP: 5/5
  4298 | D:4      | Reached XP level 7. HP: 50/64 MP: 6/6
  4539 | D:4      | Found an opulent altar of Gozag.
  4831 | D:4      | Found a shimmering blue altar of Sif Muna.
  4967 | D:5      | Entered Level 5 of the Dungeon
  5126 | D:5      | Found a staircase to the Ecumenical Temple.
  5379 | D:5      | Reached skill level 1 in Short Blades
  5606 | D:6      | Noticed a troll
  5618 | D:5      | Killed a troll
  5714 | D:6      | Reached XP level 8. HP: 43/75 MP: 7/7
  6094 | D:6      | Found an iron altar of Okawaru.
  6201 | D:6      | Reached *** piety under Trog
  6585 | D:6      | Reached skill level 10 in Fighting
  6745 | D:6      | Found a glowing golden altar of the Shining One.
  6935 | D:7      | Found a sacrificial altar of Ru.
  7245 | D:7      | Reached XP level 9. HP: 82/86 MP: 8/8
  7629 | D:7      | Reached skill level 10 in Axes
  8194 | D:8      | Found a blossoming altar of Fedhas.
  8541 | D:8      | Reached **** piety under Trog
  8591 | D:8      | Found a broken altar of Ashenzari.
  8673 | D:8      | Found a staircase to the Lair.
  8757 | D:8      | Reached XP level 10. HP: 94/97 MP: 9/9
  9543 | Lair:1   | Entered Level 1 of the Lair of Beasts
  9710 | Lair:1   | Noticed a black mamba
  9719 | Lair:1   | Killed a black mamba
  9808 | Lair:1   | Found a runed translucent door.
  9809 | Lair:1   | Found a shimmering altar of Xom.
  9809 | Lair:1   | Noticed Wuochyse's ghost (journeyman DEWz)
  9810 | Lair:1   | Noticed a +1 scimitar of chaos
  9850 | Lair:1   | Noticed a black mamba
  9857 | Lair:1   | Killed a black mamba
  9858 | Lair:1   | Reached skill level 5 in Armour
  9883 | Lair:1   | Noticed a cane toad
  9892 | Lair:1   | Killed a cane toad
 10016 | Lair:1   | Noticed a boulder beetle
 10036 | Lair:1   | Killed a boulder beetle
 10207 | Lair:1   | Noticed Grum
 10217 | Lair:1   | Killed Grum
 10350 | Lair:1   | Noticed a cane toad
 10359 | Lair:1   | Killed a cane toad
 10360 | Lair:1   | Reached XP level 11. HP: 104/104 MP: 7/10
 10540 | Lair:1   | Noticed Prince Ribbit
 10547 | Lair:1   | Killed Prince Ribbit
 11427 | Lair:2   | Found a runed translucent gate.
 11427 | Lair:2   | Found a runed translucent gate.
 11427 | Lair:2   | Found a runed translucent gate.
 11599 | Lair:2   | Reached skill level 10 in Armour
 12047 | Lair:2   | Found a staircase to the Swamp.
 12077 | Lair:2   | Noticed nogo's ghost (journeyman OgFi)
 12857 | Lair:2   | Reached skill level 1 in Shields
 13408 | Lair:3   | Found a staircase to the Snake Pit.
 14419 | Lair:3   | Found a runed translucent gate.
 14419 | Lair:3   | Found a runed translucent gate.
 14419 | Lair:3   | Found a runed translucent gate.
 14420 | Lair:3   | Noticed a ten-headed hydra
 14421 | Lair:3   | Noticed Fuxod's ghost (journeyman GnWn)
 14423 | Lair:3   | Noticed an 11-headed hydra
 15039 | Lair:4   | Noticed a four-headed hydra
 15363 | D:9      | Reached XP level 12. HP: 92/112 MP: 9/11
 15491 | D:9      | Found a staircase to the Orcish Mines.
 15809 | D:9      | Reached ***** piety under Trog
 15877 | D:9      | Found a radiant altar of Vehumet.
 15884 | D:9      | Identified the +9 short sword "Naawkof" {pain, Will+ Str+2}
 16381 | D:9      | Found the +0 staff of Battle
 16548 | D:9      | Found a shadowy altar of Dithmenos.
 16659 | D:9      | Noticed Maggie
 16670 | D:9      | Killed Maggie
 17021 | D:10     | Entered Level 10 of the Dungeon
 17153 | D:10     | Found a stormy altar of Qazlal.
 17235 | D:10     | Noticed Psyche
 17246 | D:10     | Killed Psyche
 17291 | D:10     | Noticed Josephine
 17306 | D:10     | Killed Josephine
 17467 | D:10     | Found a burning altar of Makhleb.
 17590 | D:10     | Found a sparkling altar of Nemelex Xobeh.
 17831 | D:10     | Noticed Joseph
 17845 | D:10     | Killed Joseph
 17982 | D:10     | Noticed Erica
 17995 | D:10     | Killed Erica
 18550 | D:11     | Received a gift from Trog
 18682 | D:11     | Found a portal to a secret trove of treasure.
 18963 | D:11     | Reached skill level 15 in Fighting
 19733 | D:12     | Noticed a boulder beetle
 19756 | D:11     | Killed a boulder beetle
 20326 | Swamp:1  | Entered Level 1 of the Swamp
 20333 | Swamp:1  | Reached skill level 15 in Armour
 20338 | Swamp:1  | Reached XP level 13. HP: 94/126 MP: 9/12
 21022 | Lair:4   | Reached skill level 1 in Maces & Flails
 21038 | Lair:4   | Reached skill level 15 in Axes
 23708 | Lair:3   | Killed Fuxod's ghost
 25176 | Lair:5   | Found a staircase to the Slime Pits.
 25356 | Lair:6   | Entered Level 6 of the Lair of Beasts
 25391 | Lair:5   | HP: 3/192 [six-headed hydra (9)]
 25391 | Lair:5   | Mangled by a six-headed hydra

Illustrated notes

Levels and vault maps discovered:
D:1:      wander_arrival_fairy_ring, layout_basic,
          dreamdust_ecumenical_altar_angels_and_demons, minmay_misc_feat_room,
          kennysheep_crisscross
D:2:      minmay_roachtagon, layout_loops_corners, serial_forest,
          infiniplex_forest_lined_corner, infiniplex_forest_end_3,
          infiniplex_forest_clump_cross, infiniplex_forest_lined_corner,
          infiniplex_forest_clump_double, infiniplex_forest_lined_4_way,
          minmay_quantized
D:3:      minmay_recursive_quarters, layout_rooms, minmay_misc_feat_rows
D:4:      layout_basic, nicolae_gozag_cash_rules_everything_around_me,
          overflow_temple_1_default
D:5:      layout_loops_ring, minmay_temple_entry_antechambers
D:6:      layout_rooms, okawaru_altar_gauntlet_db, tso_altar
D:7:      layout_loops_ring, lemuel_crystal_altar
D:8:      minmay_chambers_of_fours, layout_cave_pods,
          mainiacjoe_overflow_tiny_flanked, fedhas_altar_3, david_lair_generic
D:9:      layout_loops_corners, nicolae_vehumet_altar_sigil,
          nicolae_overflow_hidden_temple, grunt_dithmenos_shadows,
          zombieorc2_lemuel, serial_bayou_pond_e, grunt_ministairs_1,
          hellmonk_guarded_unrand_staff_of_battle, uniq_maggie
D:10:     layout_basic, lemuel_coloured_pillars_altar, nemelex_altar_shiori,
          nicolae_qazlal_general_emergency, hex_tiny, minmay_misc_feat_tiny,
          uniq_psyche, uniq_erica, uniq_josephine, uniq_joseph
D:11:     layout_irregular_city, nicolae_trove_entry_free_sample,
          nooodl_orcs_dogs
D:12:     layout_basic, uniq_nergalle
Lair:1:   layout_long_grid, ebering_ghost_xom, st_stairs_7,
          nzn_sisyphean_effort, grunt_megastairs_1, serial_bayou_shore_b,
          infiniplex_staircase_pool, serial_bayou_shore_b, uniq_grum,
          uniq_prince_ribbit2
Lair:2:   layout_gridlike, minmay_swamp_entry_worms, gammafunk_ghost_icy,
          beast_lair_carwin_9
Lair:3:   beast_lair_carwin_large_3, layout_cave_pods,
          minmay_snake_entry_six_corridors, gammafunk_ghost_hydra_chop
Lair:4:   layout_regular_city, gauntlet_entry_generic, st_stairs_12
Lair:5:   layout_hall_layers, minmay_slime_entry_oklob_open,
          serial_bayou_shore_a, grunt_megastairs_3
Lair:6:   minmay_lair_end_enchanted_forest, layout_hall_layers,
          lemuel_fruit_tree, grunt_megastairs_4
Swamp:1:  layout_basic_swamp, ebering_ghost_funeral_grove,
          hangedman_swamp_ruin_wall

Skill      XL: |  1  2  3  4  5  6  7  8  9 10 11 12 13 |
---------------+----------------------------------------+-----
Fighting       | 4 5 6 8 10 12 15 | 15.7
Axes           | 4 5 6 8 9 11 14 15 | 15.9
Short Blades   | 2 4 |  4.9
Armour         | 3 6 13 15 | 15.6
Shields        | 1 4 |  4.5
Maces & Flails | 3 |  3.0
Dodging        | 4 |  4.9

Action                   |  1- 3 |  4- 6 |  7- 9 | 10-12 | 13-15 || total
-------------------------+-------+-------+-------+-------+-------++-------
Melee: Hand axe          |   102 |   128 |   162 |   706 |       ||  1098
       Headbutt          |    17 |    28 |    55 |   164 |    39 ||   303
       Punch             |       |     2 |     4 |     9 |       ||    15
       Short sword       |       |       |    84 |       |       ||    84
       War axe           |       |       |       |    86 |   181 ||   267
       Flail             |       |       |       |       |    44 ||    44
 Fire: Shortbow          |       |       |       |    11 |       ||    11
Throw: Boomerang         |       |       |       |     3 |       ||     3
Invok: Berserk           |       |     2 |     4 |    15 |     8 ||    29
       Trog's Hand       |       |       |       |     3 |     1 ||     4
       Brothers in Arms  |       |       |       |     2 |       ||     2
  Use: Scroll            |       |       |     4 |     9 |     7 ||    20
       Potion            |       |       |       |     1 |     3 ||     4
 Stab: Sleeping          |       |       |       |     1 |       ||     1
       Paralysed         |       |       |       |     1 |       ||     1
Armor: Animal skin       |     8 |       |       |       |       ||     8
       Ring mail         |    16 |    44 |    83 |       |       ||   143
       Steam dragon scal |       |       |    15 |   242 |   161 ||   418
Dodge: Dodged            |    64 |    75 |   134 |   329 |   126 ||   728
Block: Buckler           |       |       |       |    41 |    60 ||   101
